 Dungeon Crawl Stone Soup version 0.17-a0-1882-g750edc8 (webtiles) character file.

39 barthelm the Skirmisher (level 3, -1/24 HPs)
             Began as a Gargoyle Berserker on Sept 22, 2015.
             Was a Believer of Trog.
             Slain by a gnoll
             ... wielding a cursed +0 spear
              (2 damage)
             ... on level 2 of the Dungeon.
             The game lasted 00:02:26 (897 turns).

barthelm the Skirmisher (Gargoyle Berserker)         Turns: 897, Time: 00:02:27

Health: -1/24      AC:  5    Str: 21    XL:     3   Next: 45%
Magic:  3/3        EV: 12    Int:  7    God:    Trog [**....]
Gold:   43         SH:  0    Dex:  9    Spells: 0 memorised, 2 levels left

rFire  . . .     SeeInvis .     a - +0 mace
rCold  . . .     Clarity  .     b - +0 animal skin
rNeg   + . .     SustAt   .     (no shield)
rPois  ∞         Gourm    .     (no helmet)
rElec  +         Spirit   .     (no cloak)
rCorr  .         Warding  .     (no gloves)
rMut   .         Stasis   .     (no boots)
MR     .....                    (no amulet)
Stlth  +.........               (no ring)
                                (no ring)

@: exhausted, slowed, very slow, not resistant to hostile enchantments, very
unstealthy
A: negative energy resistance 1, electricity resistance, unbreathing,
petrification resistance, rot immunity, AC +3
a: Burn Spellbooks, Berserk, Trog's Hand, Renounce Religion


You were on level 2 of the Dungeon.
You worshipped Trog.
Trog was pleased with you.
You were very hungry.

You visited 1 branch of the dungeon, and saw 2 of its levels.

You collected 43 gold pieces.

Inventory:

Hand weapons
 a - a +0 mace (weapon)
Missiles
 h - 9 stones (quivered)
Armour
 b - a +0 animal skin (worn)
Scrolls
 d - a scroll of teleportation
 i - a scroll of remove curse {unknown}
 k - a scroll of enchant weapon {unknown}
 l - a scroll of identify {unknown}
Potions
 e - a potion of agility {unknown}
 f - a potion of cancellation {unknown}
Comestibles
 c - 2 bread rations
 g - a meat ration
 j - a slice of pizza
 m - 6 chunks of flesh


   Skills:
 + Level 3.9 Fighting
 + Level 3.4 Maces & Flails
 + Level 2.2 Armour
 + Level 2.1 Dodging


You had 2 spell levels left.
You didn't know any spells.

Dungeon Overview and Level Annotations

Branches:
Dungeon (2/15)

Altars:


Innate Abilities, Weirdness & Mutations

You are resistant to torment.
Your stone body is resilient (AC +3).
You are immune to poison.
You resist negative energy.
You are resistant to electric shocks.
You can survive without breathing.
You are immune to petrification.
You are immune to rotting.


Message History

You kill the gnoll!
Trog accepts your kill.
The gnoll hits you from afar with a spear.
* * * LOW HITPOINT WARNING * * *
You hit the gnoll.
The gnoll is moderately wounded.
You are no longer berserk.
You are exhausted.
You feel yourself slow down.
You are feeling very hungry.
The gnoll hits you but does no damage.
You hit the gnoll but do no damage.
The gnoll is moderately wounded.
The gnoll misses you. The gnoll hits you with a spear.
* * * LOW HITPOINT WARNING * * *
Unknown command.
You hit the gnoll.
The gnoll is severely wounded.
The gnoll hits you with a spear.
You die...

########
#######..†...#
#.......####.#
#.####.....#.# ###
#.#......#.#.# ..#
#.#..#.....#.#
######.#
######.#..#.#.###.#
.....#.#
#g@....#..<.......#
#....#.#
#.##########+####..
#....#.# #. #.#
#....#.#### #+# #
+....#.#..
#.##....#.#.#
#....<..#.#.#
###.....#.#.####.#
.>.................


You could see a gnoll.

Vanquished Creatures
  A gnoll (D:2)
  A giant gecko (D:1)
  2 bats
  8 goblins
  2 hobgoblins (D:2)
  7 kobolds
  A giant newt (D:1)
  6 rats
28 creatures vanquished.

Notes
Turn   | Place    | Note
--------------------------------------------------------------
     0 | D:1      | barthelm the Gargoyle Berserker began the quest for the Orb.
     0 | D:1      | Reached XP level 1. HP: 14/14 MP: 1/1
   172 | D:1      | Reached XP level 2. HP: 13/19 MP: 2/2
   758 | D:2      | Acquired Trog's second power
   764 | D:2      | Reached XP level 3. HP: 12/24 MP: 3/3
   896 | D:2      | HP: 1/24 [gnoll/spear (2)]
   897 | D:2      | Slain by a gnoll

Vault maps used:
D:1:      elethiomel_arrival_infinity_welcomes_careful_drivers
D:2:      gammafunk_temple_overflow_statue, minmay_strange_pillars,
          kennysheep_generic_room_9

Action                   || total
-------------------------++-------
Melee: Mace              ||    93
Throw: Stone             ||     1
Invok: Berserk           ||     1
  Use: Scroll            ||     1
